 Seeded DCSS version 0.30-a0-424-g7412bad402 (webtiles) character file.

Game seed: 2672040522805985899 (custom seed)

35 innerfire433 the Trooper (level 3, -3/29 HPs)
             Began as a Demonspawn Monk on Dec 10, 2022.
             Was a High Priest of Ignis.
             Slain by Sigmund
             ... wielding a +1 scythe of venom
              (4 damage)
             ... on level 2 of the Dungeon.
             The game lasted 00:02:38 (1061 turns).

innerfire433 the Trooper (Demonspawn Monk)          Turns: 1061, Time: 00:02:41

Health: -3/29      AC: 17    Str: 13    XL:     3   Next: 16%
Magic:  3/3        EV:  7    Int: 11    God:    Ignis [*****.]
Gold:   94         SH:  0    Dex: 15    Spells: 2/2 levels left

rFire   + . .      SeeInvis .    a - +0 short sword
rCold   . . .      Faith    .    (no shield)
rNeg    . . .      Spirit   .    d - +0 plate armour
rPois   .          Reflect  .    (no helmet)
rElec   .          Harm     .    (no cloak)
rCorr   +          Rampage  .    (no gloves)
Will    .....                    (no boots)
Stlth   ..........               (no amulet)
HPRegen 0.24/turn                h - ring of resist corrosion
MPRegen 0.08/turn                (no ring)

@: confused, lethally poisoned (-3 -> -18), ambrosia-drunk, fiery-armoured
A: sturdy frame 2
a: Renounce Religion, Fiery Armour, Foxfire Swarm, Rising Flame


You were on level 2 of the Dungeon.
You worshipped Ignis.
Ignis was extremely pleased with you.
You visited 1 branch of the dungeon, and saw 2 of its levels.

You collected 94 gold pieces.

Inventory:

Hand Weapons
 a - a +0 short sword (weapon)
Armour
 b - a +0 robe
 d - a +0 plate armour (worn)
Jewellery
 h - a ring of resist corrosion (left hand)
 j - a ring of see invisible
Scrolls
 f - a scroll of enchant armour {unknown}
 g - 3 scrolls of identify {unknown}
 i - 2 scrolls of teleportation {unknown}
Potions
 e - 3 potions of heal wounds {unknown}
 k - a potion of flight {unknown}


   Skills:
 + Level 3.3 Fighting
 + Level 3.0 Short Blades
 * Level 1.7 Armour
 - Level 2.6 Dodging
 - Level 1.7 Stealth


You had 2 spell levels left.
You didn't know any spells.
Your spell library contained the following spells:

 Spells                   Type           Power      Damage    Failure   Level
 Ignite Poison            Fire/Tmut/Pois 0%         N/A       100%        3
 Sticky Flame             Conj/Fire      0%         2d3       100%        4
 Ignition                 Fire           0%         3d3       100%        8


Dungeon Overview and Level Annotations

Branches:
Dungeon (2/15)

Altars:
Ignis

Annotations:
D:2 Sigmund


Innate Abilities, Weirdness & Mutations

Your movements are less encumbered by armour. (ER -4)


Message History

The worm is heavily wounded.
Sigmund casts a spell at you. You resist with significant effort.
The worm bites you but does no damage.
You hit the worm but do no damage.
The worm is heavily wounded.
You barely miss the worm.
The worm is heavily wounded.
The worm barely misses you.
Sigmund hits you from afar with a +1 scythe of venom.
You are poisoned.
You hit the worm.
The worm is heavily wounded.
You feel very sick.
You are too injured to fight recklessly!
A protective cloak of flame settles atop you.
You can no longer rocket upward and away.
You feel very sick. Sigmund hits you but does no damage.
You are lethally poisoned!
The worm bites you but does no damage.
The worm is burned by your cloak of flames.
The worm is severely wounded.
* * * LOW HITPOINT WARNING * * *
You feel very sick.
You completely miss Sigmund.
* * * LOW HITPOINT WARNING * * *
You feel very sick.
Sigmund hits you with a +1 scythe of venom.
* * * LOW HITPOINT WARNING * * *
You are more poisoned.
Sigmund is burned by your cloak of flames.
Sigmund is lightly wounded.
The worm completely misses you.
You are confused.
You feel invigorated.
* * * LOW HITPOINT WARNING * * *
You feel very sick.
Sigmund flickers, as though insubstantial.
Sigmund hits you with a +1 scythe of venom.
You die...

# ##§§..#
##.#####..§#'###
#.....§§§_§§...#
#.....§.§..§...#
#.....§§.†[....#
#.........##.....
#.........######>
#.............#
##
#.$.......@w..#
...######.@...#
+# #.....#
#.....# #...$.#
#.....# #.....#
#.....#


You could see Sigmund and a worm.

Vanquished Creatures
  A worm (D:2)
  A dart slug (D:1)
  4 bats
  3 endoplasms
  2 giant cockroaches
  3 goblins (D:1)
  2 jackals (D:1)
  A quokka (D:2)
  4 ball pythons
  3 frilled lizards
  2 kobolds
  2 rats (D:1)
28 creatures vanquished.

Notes
Turn   | Place    | Note
-------+----------+-------------------------------------------
     0 | D:1      | innerfire433 the Demonspawn Monk began the quest for the
                  | Orb.
     0 | D:1      | Reached XP level 1. HP: 18/18 MP: 1/1
   136 | D:1      | Reached skill level 1 in Armour
   136 | D:1      | Gained mutation: Your movements are slightly less
                  | encumbered by armour. (ER -2) [demonic ancestry]
   136 | D:1      | Reached XP level 2. HP: 24/24 MP: 2/2
   895 | D:2      | Gained mutation: Your movements are less encumbered by
                  | armour. (ER -4) [demonic ancestry]
   895 | D:2      | Reached XP level 3. HP: 29/29 MP: 3/3
  1033 | D:2      | Found a faded altar of an unknown god.
  1044 | D:2      | Prayed at the altar of an unknown god.
  1044 | D:2      | Became a worshipper of Ignis, the Dying Flame
  1044 | D:2      | Reached ****** piety under Ignis
  1049 | D:2      | Noticed Sigmund
  1061 | D:2      | HP: 1/29 [poisoned by Sigmund]
  1061 | D:2      | Slain by Sigmund

Illustrated notes

Levels and vault maps discovered:
D:1:      psy_arrival_radial02, layout_rooms
D:2:      layout_basic, ebering_ecumenical_altar_mist, grunt_decor_clamped,
          uniq_sigmund

Skill      XL: |  1  2 |
---------------+-------+-----
Armour         | 1 |  1.7
Short Blades   | 3 |  3.0
Fighting       | |  3.3
Dodging        | |  2.6
Stealth        | |  1.7

Action                   || total
-------------------------++-------
Melee: Short sword       ||   124
       Punch             ||     2
Invok: Fiery Armour      ||     1
  Use: Potion            ||     1
Armor: Robe              ||     8
       Plate armour      ||    39
Dodge: Dodged            ||    35

Table legend: (Time is in decaauts)
 A = Elapsed time spent in this place.
 B = Non-inter-level travel time spent in this place.
 C = Inter-level travel time spent in this place.
 D = Time resting spent in this place.
 E = Time spent auto-exploring this place.
 F = Levels seen in this place.
 G = Mean time per level.
                   A        B        C        D        E       F      G
               +--------+--------+--------+--------+--------+-----+--------+
         Total |   1044 |   1007 |     37 |      0 |    771 |   2 |  522.0 |
       Dungeon |   1044 |   1007 |     37 |      0 |    771 |   2 |  522.0 |
               +--------+--------+--------+--------+--------+-----+--------+

Top non-repeatable levels by time:
     D:1: 732 daAuts
     D:2: 311 daAuts
